[Event "Titled Tuesday Blitz January 25 2022"]
[White "Leiva, Gianmarco"]
[Black "Nazaretyan, Tigran"]
[WhiteFideId "3804399"]
[BlackFideId "24162345"]
[WhiteElo "2328"]
[BlackElo "2192"]
[Result "1/2-1/2"]
[Round "06"]
[TimeControl "180+1"]
[Date "2022.01.26"]
[WhiteClock "0:00:02"]
[BlackClock "0:00:04"]

1. e4 c5 2. c3 Nf6 3. e5 Nd5 4. d4 cxd4 5. Bc4 Nb6 6. Bb3 d5 7. exd6 Qxd6 8. Nf3 Be6 9. Qxd4 Qxd4 10. Nxd4 Bxb3 11. axb3 Nc6 12. Nb5 Rc8 13. Be3 a6 14. Bxb6 axb5 15. b4 Ne5 16. Na3 Nc4 17. Nxc4 bxc4 18. Ra7 Kd7 19. b5 Rb8 20. Ke2 e6 21. Rd1+ Ke8 22. Bc7 Rc8 23. Rxb7 Bc5 24. b6 h5 25. Be5 h4 26. Rc7 Rxc7 27. bxc7 Ke7 28. Bxg7 Rc8 29. Bd4 Bd6 30. Bf6+ Kxf6 31. Rxd6 Rxc7 32. Rd4 Kg5 33. Kd2 e5 34. Re4 f6 35. h3 Rb7 36. Kc2 Rc7 37. Kc1 Rc5 38. Rg4+ Kh5 39. f4 e4 40. Kd2 Rb5 41. Ke3 f5 42. Rg8 Rxb2 43. Kd4 Rd2+ 44. Ke5 e3 45. Kxf5 Rd5+ 46. Kf6 Rd6+ 47. Kf5 Rd5+ 48. Kf6 Rd6+ 49. Kf7 e2 50. Re8 Rd7+ 51. Kf6 Rd6+ 52. Kf5 Rd5+ 53. Kf6 Rd6+ 54. Kg7 Rd7+ 55. Kf6 Rd6+ 1/2-1/2


[Site "https://www.chess.com"]

[Event "Titled Tuesday Blitz January 25 2022"]
[White "Lenderman, Aleksandr"]
[Black "Kalashian, David"]
[WhiteFideId "2021285"]
[BlackFideId "13302418"]
[WhiteElo "2651"]
[BlackElo "2490"]
[Result "1/2-1/2"]
[Round "06"]
[TimeControl "180+1"]
[Date "2022.01.26"]
[WhiteClock "0:00:24"]
[BlackClock "0:00:07"]

1. d4 Nf6 2. c4 g6 3. Nc3 Bg7 4. e4 d6 5. Nf3 Bg4 6. Be2 Nfd7 7. Be3 c5 8. d5 Bxc3+ 9. bxc3 Qa5 10. Qc2 Nf6 11. O-O Nbd7 12. Rfb1 Qc7 13. a4 Bxf3 14. gxf3 g5 15. Kh1 h6 16. f4 gxf4 17. Bxf4 Ne5 18. a5 Qd7 19. Bxe5 dxe5 20. Qa4 Qxa4 21. Rxa4 Rb8 22. Bf3 Kd7 23. Rb5 Rhc8 24. Ra1 Rc7 25. Rg1 Rg8 26. Rg3 Rxg3 27. hxg3 Ne8 28. Bg4+ Kd8 29. f3 Nd6 30. Rb2 h5 31. Bxh5 Nxc4 32. Rh2 e6 33. dxe6 fxe6 34. Bg4 Ke7 35. Rh7+ Kd6 36. Rxc7 Kxc7 37. Bxe6 Nxa5 38. f4 Kd6 39. Bd5 b5 40. Kg2 b4 41. cxb4 cxb4 42. Kf3 b3 43. Ke2 Nc6 44. Kd2 b2 45. Kc2 Nb4+ 46. Kxb2 Nxd5 47. fxe5+ Kxe5 48. exd5 Kxd5 49. Ka3 Ke4 50. Ka4 Kf3 51. Ka5 Kxg3 52. Ka6 Kg4 53. Kxa7 1/2-1/2


[Site "https://www.chess.com"]

[Event "Titled Tuesday Blitz January 25 2022"]
[White "Liyanage, Ranindu Dilshan"]
[Black "Vokhidov, Shamsiddin"]
[WhiteFideId "9915834"]
[BlackFideId "14204223"]
[WhiteElo "1858"]
[BlackElo "2611"]
[Result "1-0"]
[Round "06"]
[TimeControl "180+1"]
[Date "2022.01.26"]
[WhiteClock "0:00:43"]
[BlackClock "0:00:28"]

1. e4 c5 2. Nf3 d6 3. d4 cxd4 4. Nxd4 Nf6 5. Nc3 a6 6. Bg5 e6 7. f4 h6 8. Bh4 Qb6 9. a3 Nbd7 10. Bf2 Qc7 11. Qf3 b5 12. g4 Bb7 13. Bg2 g5 14. f5 e5 15. Nb3 h5 16. gxh5 Nxh5 17. h4 g4 18. Qxg4 Ndf6 19. Qf3 Nf4 20. Be3 Nxg2+ 21. Qxg2 Qc4 22. Nd2 Qc8 23. Bg5 Be7 24. Qe2 Qd7 25. O-O-O Rc8 26. Nf3 Rxc3 27. bxc3 Nxe4 28. Nxe5 Qxf5 29. Bxe7 Qf4+ 30. Kb2 Qxe5 31. Bxd6 Qxc3+ 32. Kb1 Rh6 33. Bb4 Qe5 34. Qd3 Qc7 35. Rhg1 f5 36. Qd4 1-0


[Site "https://www.chess.com"]

[Event "Titled Tuesday Blitz January 25 2022"]
[White "Ljukin, Sergei"]
[Black "Tregubov, Pavel V."]
[WhiteFideId "14102200"]
[BlackFideId "4115341"]
[WhiteElo "2312"]
[BlackElo "2341"]
[Result "0-1"]
[Round "06"]
[TimeControl "180+1"]
[Date "2022.01.26"]
[WhiteClock "0:00:02"]
[BlackClock "0:00:08"]

1. e4 c5 2. Nf3 e6 3. d4 cxd4 4. Nxd4 Nc6 5. Nc3 Nf6 6. Nxc6 bxc6 7. e5 Nd5 8. Ne4 Bb7 9. c4 Nb4 10. Be2 c5 11. Bf3 Qc7 12. Bf4 Nc6 13. Nd6+ Bxd6 14. Qxd6 Qxd6 15. exd6 Rb8 16. O-O-O Nd4 17. Bxb7 Rxb7 18. Be5 f6 19. Bxd4 cxd4 20. Rxd4 e5 21. Rd5 Kf7 22. Kc2 Rc8 23. Kc3 Ke6 24. Rhd1 Rb6 25. b4 Rbc6 26. c5 a5 27. a3 axb4+ 28. axb4 Ra6 29. Kc4 Rb8 30. R5d2 Ra4 31. Rb2 f5 32. Kc3 g5 33. Rdd2 e4 34. Rb3 Ke5 35. b5 Ra5 36. Kc4 Ke6 37. b6 Ra1 38. Kb5 f4 39. Rc3 Rb1+ 40. Kc4 Rc8 41. Kd4 Kf5 42. c6 Rxb6 43. Rc5+ Ke6 44. Re5+ Kxd6 45. cxd7 Rb4# 0-1


[Site "https://www.chess.com"]

[Event "Titled Tuesday Blitz January 25 2022"]
[White "Maevsky, Nikolay"]
[Black "Pap, Gyula"]
[WhiteFideId "4198220"]
[BlackFideId "725323"]
[WhiteElo "2104"]
[BlackElo "2553"]
[Result "0-1"]
[Round "06"]
[TimeControl "180+1"]
[Date "2022.01.26"]
[WhiteClock "0:00:01"]
[BlackClock "0:00:12"]

1. d4 d5 2. Nf3 Nf6 3. e3 c5 4. c3 Nbd7 5. Nbd2 g6 6. b3 Bg7 7. Bb2 O-O 8. Be2 cxd4 9. exd4 b6 10. O-O Bb7 11. Re1 e6 12. Bd3 a6 13. Qe2 Qc8 14. Rac1 b5 15. Ba3 Rd8 16. Be7 Re8 17. Bd6 Bc6 18. Ne5 Qb7 19. Nxc6 Qxc6 20. Bg3 Nh5 21. Nf3 Nxg3 22. hxg3 Qd6 23. Qb2 Rac8 24. Re2 Rc7 25. Rec2 Rec8 26. c4 bxc4 27. bxc4 dxc4 28. Rxc4 Rxc4 29. Rxc4 Rxc4 30. Bxc4 Bf6 31. Qb7 Bxd4 32. Qxa6 Qc5 33. Nxd4 Qxd4 34. Be2 Nf6 35. Qc8+ Kg7 36. Qc2 h5 37. Bf3 e5 38. Qd1 Qa7 39. a4 e4 40. Be2 e3 41. fxe3 Qxe3+ 42. Kh2 Qe5 43. Bf3 h4 44. Qd3 Qxg3+ 45. Kg1 h3 46. Qf1 hxg2 47. Qxg2 Qe1+ 48. Qf1 Qe3+ 49. Kg2 Qg5+ 50. Kf2 Qh4+ 51. Kg2 Qxa4 52. Qb1 Qf4 0-1


[Site "https://www.chess.com"]

[Event "Titled Tuesday Blitz January 25 2022"]
[White "Maksimovic, Bojan"]
[Black "Morris-Suzuki, Sophie"]
[WhiteFideId "14408120"]
[BlackFideId "30922615"]
[WhiteElo "2450"]
[BlackElo "2529"]
[Result "1-0"]
[Round "06"]
[TimeControl "180+1"]
[Date "2022.01.26"]
[WhiteClock "0:00:05"]
[BlackClock "0:00:04"]

1. g3 d5 2. Bg2 Nf6 3. d3 e6 4. Nf3 Be7 5. O-O O-O 6. Nbd2 b6 7. e4 dxe4 8. dxe4 Bb7 9. Qe2 c5 10. Re1 Nc6 11. c3 Qc8 12. e5 Nd5 13. Ne4 h6 14. a3 Na5 15. c4 Nc7 16. Bf4 Rd8 17. Nd6 Bxd6 18. exd6 Ne8 19. Rad1 Ba6 20. Ne5 Nxd6 21. Bxa8 Qxa8 22. Bxh6 gxh6 23. Qg4+ Kf8 24. Qh5 Naxc4 25. Qxh6+ Ke7 26. Qh4+ Ke8 27. Ng4 Ne4 28. Rxd8+ Qxd8 29. Qxd8+ Kxd8 30. Rxe4 f5 31. Rxc4 Bxc4 32. Ne5 Bd5 33. h4 Ke7 34. h5 Kf6 35. h6 c4 36. f3 b5 37. g4 fxg4 38. fxg4 a5 39. g5+ Kxe5 40. h7 b4 41. h8=Q+ Kf5 42. Qf6+ Ke4 43. axb4 axb4 44. g6 e5 45. g7 c3 46. bxc3 bxc3 47. Qd6 c2 48. Qc5 Kd3 49. Qxd5+ Kc3 50. Qc5+ Kb2 51. Qb4+ Kc1 52. g8=Q e4 53. Qg5+ Kd1 54. Qgd2# 1-0


[Site "https://www.chess.com"]

[Event "Titled Tuesday Blitz January 25 2022"]
[White "Martin, Lewis"]
[Black "Sumaneev, Dmitry"]
[WhiteFideId "410551"]
[BlackFideId "4125312"]
[WhiteElo "2145"]
[BlackElo "2578"]
[Result "1-0"]
[Round "06"]
[TimeControl "180+1"]
[Date "2022.01.26"]
[WhiteClock "0:01:30"]
[BlackClock "0:00:18"]

1. e4 e6 2. d4 d5 3. exd5 exd5 4. Bd3 c5 5. c3 c4 6. Bc2 Nc6 7. Nf3 Bd6 8. O-O Nge7 9. Re1 O-O 10. Nbd2 Bf5 11. Nf1 b5 12. Ng3 Bg6 13. Nh4 Qd7 14. Nxg6 hxg6 15. Qf3 a5 16. Bf4 Rfe8 17. h4 Qc7 18. Bxd6 Qxd6 19. h5 gxh5 20. Qxh5 g6 21. Qg5 Nb8 22. Re3 Ra7 23. Rae1 Nbc6 24. Nf5 Nxf5 25. Rxe8+ Kg7 26. Bxf5 b4 27. R1e6 1-0


[Site "https://www.chess.com"]

[Event "Titled Tuesday Blitz January 25 2022"]
[White "Martinez Ramirez, Lennis"]
[Black "Triapishko, Alexandr"]
[WhiteFideId "3509079"]
[BlackFideId "14122286"]
[WhiteElo "2374"]
[BlackElo "2479"]
[Result "0-1"]
[Round "06"]
[TimeControl "180+1"]
[Date "2022.01.26"]
[WhiteClock "0:00:01"]
[BlackClock "0:00:04"]

1. d4 d5 2. Bf4 c5 3. e3 Nc6 4. Nf3 cxd4 5. exd4 Bg4 6. Nbd2 e6 7. h3 Bh5 8. Bb5 Bd6 9. Bxd6 Qxd6 10. c3 Ne7 11. O-O O-O 12. Bd3 Bg6 13. Bxg6 Nxg6 14. Re1 Nf4 15. Nb3 b6 16. Qd2 f6 17. Rad1 Kh8 18. Nc1 g5 19. Nd3 Rg8 20. Nxf4 gxf4 21. Kh1 Rae8 22. Rg1 Ne7 23. Nh4 e5 24. dxe5 fxe5 25. Qe2 Qf6 26. Qh5 e4 27. g3 f3 28. g4 Rd8 29. Nf5 Rg5 30. Qh6 Rxf5 31. Qe3 Re5 32. Rg3 Ng6 33. b3 Ree8 34. g5 Qf4 35. Qd4+ Qe5 36. Qa4 Rf8 37. Qxa7 e3 38. Qxb6 e2 39. Re1 Rc8 40. c4 d4 41. Rg4 d3 42. Rd4 Qxg5 0-1


[Site "https://www.chess.com"]

[Event "Titled Tuesday Blitz January 25 2022"]
[White "Michelakos, Panagiotis"]
[Black "Mischuk, Dmitry"]
[WhiteFideId "4216067"]
[BlackFideId "14118734"]
[WhiteElo "2140"]
[BlackElo "2256"]
[Result "1-0"]
[Round "06"]
[TimeControl "180+1"]
[Date "2022.01.26"]
[WhiteClock "0:01:54"]
[BlackClock "0:02:04"]

1. d4 Nf6 2. c4 e6 3. Nc3 d5 4. cxd5 Nxd5 5. e4 Nxc3 6. bxc3 c5 7. Nf3 Be7 8. Bd3 b6 9. O-O O-O 10. d5 exd5 11. exd5 Nd7 12. Bf4 Nf6 13. d6 Bxd6 14. Bxd6 Re8 15. Be5 Ng4 16. Bg3 Qf6 17. Qa4 Bb7 18. Qxg4 1-0


[Site "https://www.chess.com"]

[Event "Titled Tuesday Blitz January 25 2022"]
[White "Nakamura, Hikaru"]
[Black "Bortnyk, Olexandr"]
[WhiteFideId "2016192"]
[BlackFideId "14120828"]
[WhiteElo "2850"]
[BlackElo "2723"]
[Result "1-0"]
[Round "06"]
[TimeControl "180+1"]
[Date "2022.01.26"]
[WhiteClock "0:00:11"]
[BlackClock "0:00:02"]

1. e4 Nf6 2. Nc3 d6 3. d4 Nbd7 4. Nf3 e5 5. Bc4 Be7 6. O-O O-O 7. a4 a6 8. a5 b5 9. axb6 cxb6 10. dxe5 dxe5 11. Qe2 Bb7 12. Rd1 b5 13. Bd5 Qc7 14. Bxb7 Qxb7 15. Bg5 Rfe8 16. Bxf6 Nxf6 17. Nd5 Nxd5 18. Rxd5 f6 19. Rad1 Qc6 20. Nh4 Rac8 21. Nf5 Bf8 22. h4 Qxc2 23. Qg4 Kh8 24. g3 Qc6 25. Rd6 Qc4 26. Rxa6 Red8 27. Rda1 Rc7 28. h5 Qf7 29. Ra8 Rcd7 30. Kg2 b4 31. R1a6 b3 32. Nh4 Kg8 33. Nf5 Kh8 34. Ne3 Kg8 35. Ra4 Kh8 36. Rxd8 Rxd8 37. Nd5 f5 38. Qf3 f4 39. Rc4 Bd6 40. Rc6 h6 41. g4 Kg8 42. Rb6 Kf8 43. Rxb3 Qd7 44. Rc3 Rb8 45. b3 Qb5 46. Qd3 Qxd3 47. Rxd3 Bc5 48. Nc7 Rb6 49. Rd5 Bd4 50. Nb5 Bb2 51. Kf3 Ke7 52. Ke2 Kf6 53. f3 Kg5 54. Kd2 Kh4 55. Kc2 Ba1 56. Kb1 Bd4 57. Kc2 Kg3 58. Nxd4 exd4 59. e5 Kxf3 60. Rxd4 Re6 61. Rd7 Rxe5 62. Rxg7 Kg2 63. g5 hxg5 64. h6 Re8 65. h7 Rh8 66. Rxg5+ Kf2 67. Rg7 Ke3 68. Re7+ Kf2 69. Rf7 f3 70. Kd3 Rd8+ 71. Ke4 Re8+ 72. Kf5 Kg2 73. Kg6 f2 74. Kg7 Re7 75. Rxe7 f1=Q 76. h8=Q Qa1+ 77. Kg8 Qa8+ 78. Kh7 Qa3 79. Qg7+ Kh3 80. Re3+ Kh2 81. Qg3+ 1-0


[Site "https://www.chess.com"]

[Event "Titled Tuesday Blitz January 25 2022"]
[White "Nazari, Arad"]
[Black "Karttunen, Mika"]
[WhiteFideId "12577324"]
[BlackFideId "502081"]
[WhiteElo "2120"]
[BlackElo "2343"]
[Result "1-0"]
[Round "06"]
[TimeControl "180+1"]
[Date "2022.01.26"]
[WhiteClock "0:01:01"]
[BlackClock "0:00:11"]

1. e4 e5 2. Nf3 Nc6 3. Bb5 a6 4. Bxc6 dxc6 5. O-O Qd6 6. d4 exd4 7. Qxd4 Bg4 8. Qc3 Qb4 9. h3 Qxc3 10. Nxc3 Bxf3 11. gxf3 Bd6 12. Kg2 f6 13. Be3 Ne7 14. Ne2 Ng6 15. f4 c5 16. Rfd1 O-O-O 17. b3 Rhe8 18. f3 b6 19. Kf2 Rd7 20. Rg1 Nf8 21. Rad1 g6 22. c4 c6 23. h4 Bc7 24. Rxd7 Kxd7 25. h5 Ke7 26. hxg6 hxg6 27. Rh1 Kf7 28. f5 gxf5 29. exf5 Be5 30. Bh6 Nh7 31. Rg1 Rg8 32. Rxg8 Kxg8 33. f4 Bb2 34. Ng3 Bd4+ 35. Kf3 Nf8 36. Bxf8 Kxf8 37. Ke4 Ke7 38. Nh5 b5 39. a4 bxa4 40. bxa4 Bf2 41. Ng7 Bd4 42. Ne6 Bf2 43. Kf3 Bg1 44. Nc7 a5 45. Ne6 Kd7 46. Kg4 Bd4 47. Kh5 Ke7 48. Kg6 Be3 49. Kg7 Bd2 50. Nf8 Bc3 51. Ng6+ Kd6 52. Kf7 Kd7 53. Nf8+ Kd6 54. Nh7 Bd2 55. Nxf6 Bxf4 56. Ng4 Bg5 57. Kg6 Bh4 58. f6 Kd7 59. f7 Be7 60. Ne5+ Kd6 61. Kf5 1-0


[Site "https://www.chess.com"]

[Event "Titled Tuesday Blitz January 25 2022"]
[White "Novikov, Evgenij"]
[Black "Dronavalli, Harika"]
[WhiteFideId "4125380"]
[BlackFideId "5015197"]
[WhiteElo "2242"]
[BlackElo "2382"]
[Result "0-1"]
[Round "06"]
[TimeControl "180+1"]
[Date "2022.01.26"]
[WhiteClock "0:00:02"]
[BlackClock "0:01:04"]

1. e4 c5 2. Nf3 Nc6 3. Nc3 e5 4. Bc4 Be7 5. d3 d6 6. Nd2 Nf6 7. Nf1 Bg4 8. f3 Be6 9. Ne3 O-O 10. O-O Nh5 11. Ned5 Bg5 12. Bxg5 Qxg5 13. Qc1 Qd8 14. f4 exf4 15. Nxf4 Nxf4 16. Qxf4 Nd4 17. Bxe6 fxe6 18. Qxf8+ Qxf8 19. Rxf8+ Kxf8 20. Rf1+ Ke7 21. Rf2 Rf8 22. Rd2 b5 23. Ne2 Nxe2+ 24. Rxe2 a5 25. Rf2 Rb8 26. Kf1 a4 27. Ke2 b4 28. Kd2 d5 29. exd5 exd5 30. Re2+ Kd6 31. Re3 Rb7 32. Rh3 g6 33. Rf3 b3 34. cxb3 axb3 35. a3 d4 36. Rf8 Ke6 37. Rc8 Rf7 38. Rxc5 Rf2+ 39. Kc1 Rf1+ 40. Kd2 Rf2+ 41. Kc1 Rxg2 42. Rb5 Rxh2 43. Rxb3 h5 44. a4 h4 45. a5 Rh1+ 46. Kd2 Ra1 47. Rb6+ Kf5 48. a6 g5 49. Ke2 Kg4 0-1


[Site "https://www.chess.com"]

[Event "Titled Tuesday Blitz January 25 2022"]
[White "Obolenskikh, Dmitry"]
[Black "Golubev, Mikhail"]
[WhiteFideId "4156013"]
[BlackFideId "14100983"]
[WhiteElo "2512"]
[BlackElo "2374"]
[Result "1-0"]
[Round "06"]
[TimeControl "180+1"]
[Date "2022.01.26"]
[WhiteClock "0:00:08"]
[BlackClock "0:00:01"]

1. Nf3 d6 2. d4 Nf6 3. c4 g6 4. Nc3 Bg7 5. e4 O-O 6. h3 a6 7. Bg5 c5 8. Qd2 cxd4 9. Nxd4 Nc6 10. Be3 Bd7 11. Be2 Nxd4 12. Bxd4 b5 13. cxb5 axb5 14. O-O e5 15. Be3 b4 16. Nb5 Nxe4 17. Qxb4 d5 18. a4 d4 19. Bc1 Re8 20. Bc4 Be6 21. Bxe6 Rxe6 22. Re1 Bf8 23. Qc4 Rc8 24. Qd3 Nc5 25. Qd1 e4 26. Qxd4 Qe8 27. Qd1 Nd3 28. Re2 Bc5 29. Be3 Bxe3 30. Rxe3 f5 31. Qb3 Kg7 32. a5 f4 33. Re2 f3 34. gxf3 exf3 35. Rxe6 Qd8 36. Kh1 Qh4 37. Re7+ Kh6 38. Rxh7+ Kxh7 39. Qf7+ Kh8 40. Qxf3 Nxf2+ 41. Kg1 Nxh3+ 42. Kf1 Kg7 43. Nd4 Re8 44. a6 Ng5 45. Qb7+ 1-0


[Site "https://www.chess.com"]

[Event "Titled Tuesday Blitz January 25 2022"]
[White "Ocelak, Jakub"]
[Black "Ambartsumova, Karina"]
[WhiteFideId "23707933"]
[BlackFideId "4166299"]
[WhiteElo "2048"]
[BlackElo "2262"]
[Result "1/2-1/2"]
[Round "06"]
[TimeControl "180+1"]
[Date "2022.01.26"]
[WhiteClock "0:00:06"]
[BlackClock "0:00:06"]

1. d4 Nf6 2. Bf4 d5 3. e3 e6 4. Nd2 Bd6 5. Bg3 O-O 6. Bd3 c5 7. c3 Qc7 8. Ngf3 Nbd7 9. Bxd6 Qxd6 10. O-O e5 11. e4 cxd4 12. cxd4 exd4 13. Re1 dxe4 14. Nxe4 Nxe4 15. Bxe4 Nf6 16. Qxd4 Qxd4 17. Nxd4 Rd8 18. Rad1 Nxe4 19. Rxe4 Be6 20. a3 Rd6 21. Rde1 Bd7 22. Nf5 Re6 23. Rxe6 Bxe6 24. Nd4 Bd5 25. f3 Kf8 26. Kf2 Rc8 27. Re2 a6 28. Rc2 Rxc2+ 29. Nxc2 Ke7 30. Ke3 Kd6 31. Kd4 Be6 32. Ne3 f6 33. f4 h6 34. Nd1 Bd5 35. Ne3 Be6 36. g3 g5 37. fxg5 fxg5 38. Nf1 Bf5 39. Nd2 Ke6 40. Nc4 Bh3 41. Ne3 b6 42. g4 Kf6 43. Ke4 Kg6 44. Kf3 h5 45. gxh5+ Kxh5 46. Nd5 b5 47. Nc7 Bc8 48. Kg3 Kg6 49. Nd5 Bb7 50. Nc3 Kf5 51. h3 Bc8 52. Nd5 Ke5 53. Ne7 Bd7 54. Ng8 Be6 55. Nh6 Kd4 56. Ng4 Kc4 57. Nf2 Kb3 58. Ne4 Kxb2 59. Nxg5 Bxh3 60. Nxh3 Kxa3 61. Kf3 b4 62. Ke2 b3 63. Kd2 b2 64. Nf2 Ka2 65. Ne4 b1=Q 66. Nc3+ Kb2 67. Nxb1 Kxb1 68. Kc3 a5 69. Kb3 Kc1 70. Ka4 Kb2 71. Kxa5 1/2-1/2


[Site "https://www.chess.com"]

[Event "Titled Tuesday Blitz January 25 2022"]
[White "Ogloblin, Nikolay"]
[Black "Aradhya, Garg"]
[WhiteFideId "4139658"]
[BlackFideId "25006746"]
[WhiteElo "2306"]
[BlackElo "2169"]
[Result "0-1"]
[Round "06"]
[TimeControl "180+1"]
[Date "2022.01.26"]
[WhiteClock "0:00:58"]
[BlackClock "0:00:25"]

1. d4 d5 2. Nf3 Nf6 3. c4 c6 4. e3 Bf5 5. Nc3 e6 6. Nh4 h5 7. Qb3 Qd7 8. Nxf5 exf5 9. cxd5 cxd5 10. Bd2 Nc6 11. O-O-O Be7 12. Kb1 O-O 13. Rc1 Rfc8 14. f3 f4 15. Bd3 Nb4 16. Ne2 Nxd3 17. Qxd3 fxe3 18. Bxe3 g6 19. Bg5 Kg7 20. Rxc8 Rxc8 21. Rc1 Rxc1+ 22. Nxc1 Bd6 23. Bxf6+ Kxf6 24. h3 Qf5 25. Kc2 Kg5 26. Ne2 a6 27. g4 hxg4 28. hxg4 Qe6 29. Qd2+ Kf6 30. Nc3 Kg7 31. Kd3 Bb4 32. Qe2 Bxc3 33. Qxe6 fxe6 34. Kxc3 Kf6 35. Kd3 e5 36. Ke3 g5 37. Kd3 Ke6 38. b3 a5 39. a3 Kd6 40. b4 axb4 41. axb4 Ke6 42. Ke3 Kd6 43. Kd3 exd4 44. Kxd4 Ke6 45. b5 b6 46. f4 gxf4 47. g5 Kf5 48. Kxd5 f3 49. Kc6 f2 50. Kxb6 f1=Q 51. Kc6 Qc4+ 52. Kb6 Kxg5 53. Ka5 Qc8 0-1


[Site "https://www.chess.com"]

[Event "Titled Tuesday Blitz January 25 2022"]
[White "Ovetchkin, Roman"]
[Black "Pajeken, Jakob Leon"]
[WhiteFideId "4119991"]
[BlackFideId "12942839"]
[WhiteElo "2409"]
[BlackElo "2351"]
[Result "1/2-1/2"]
[Round "06"]
[TimeControl "180+1"]
[Date "2022.01.26"]
[WhiteClock "0:01:24"]
[BlackClock "0:02:15"]

1. d4 d5 2. c4 dxc4 3. e3 e6 4. Bxc4 Nf6 5. Nf3 c5 6. O-O Nc6 7. Nc3 a6 8. a3 Be7 9. dxc5 Qxd1 10. Rxd1 Bxc5 11. b4 Be7 12. Bb2 b5 13. Be2 Bb7 14. a4 Bxb4 15. axb5 axb5 16. Rxa8+ Bxa8 17. Nxb5 O-O 18. Bxf6 gxf6 19. Nfd4 Rd8 20. Nxc6 Rxd1+ 21. Bxd1 Bxc6 22. Nd4 Bd7 23. Bc2 Kg7 24. f4 e5 25. Nf5+ Bxf5 26. Bxf5 Bc5 27. fxe5 Bxe3+ 28. Kf1 fxe5 29. g4 h6 30. h4 Kf6 31. h5 Kg5 32. Ke2 Kf4 33. Bc8 Bb6 34. Bf5 e4 35. Bc8 f6 36. Bf5 e3 37. Bc8 Ba5 38. Bf5 Bc7 39. Bc8 Ke4 40. Bf5+ Kd4 41. Bc8 Bg3 42. Bf5 Bf2 43. Bc8 Ke5 44. Bf5 Kf4 45. Bc8 Kg3 46. Bf5 Kh4 47. Bc8 Kg5 48. Bf5 Kf4 49. Bc8 Ke5 50. Bf5 Kd6 51. Bc8 Kc7 52. Bf5 Kb7 53. Be6 Kc7 54. Bf5 Kd8 55. Be4 Ke7 56. Bf5 Kd6 57. Bc8 Ke5 1/2-1/2


[Site "https://www.chess.com"]

[Event "Titled Tuesday Blitz January 25 2022"]
[White "Ozates, Tuna"]
[Black "Hasangatin, Ramil"]
[WhiteFideId "6354521"]
[BlackFideId "4122160"]
[WhiteElo "1872"]
[BlackElo "2375"]
[Result "0-1"]
[Round "06"]
[TimeControl "180+1"]
[Date "2022.01.26"]
[WhiteClock "0:00:12"]
[BlackClock "0:00:19"]

1. e4 d5 2. exd5 Qxd5 3. Nc3 Qd6 4. d4 Nf6 5. Nf3 c6 6. g3 Bg4 7. Bg2 e6 8. O-O Be7 9. Qd3 Bxf3 10. Bxf3 O-O 11. Bf4 Qd8 12. Rab1 Nbd7 13. b4 Nd5 14. Bd2 Nxb4 15. Qe2 Nxc2 16. Qe4 Nb4 17. a3 Nf6 18. Qe2 Nbd5 19. Rxb7 Bxa3 20. Ra1 Qc8 21. Qa6 Nb4 22. Qxa3 Qxb7 23. Rb1 a5 24. Na4 Nfd5 25. Nc5 Qe7 26. Be4 Rfb8 27. Qf3 f5 28. Bxd5 exd5 29. Re1 Qf7 30. Bf4 Re8 31. Be5 Na6 32. Nd3 a4 33. Ra1 Nc7 34. Nc5 Ne6 35. Nxe6 Rxe6 36. Qc3 h6 37. f4 Kh7 38. Qb4 Qa7 39. Ra3 Qa6 40. Kf2 Qc4 41. Qxc4 dxc4 42. Ke3 Re7 43. d5 cxd5 44. Kd4 Rb7 45. Kxd5 Rb3 46. Ra2 c3 47. Ke6 a3 48. Kxf5 Rb2 49. Ra1 a2 50. Bxc3 Rb1 51. Ke4 Rxa1 52. Bxa1 Rb8 53. g4 Rb1 0-1


[Site "https://www.chess.com"]

[Event "Titled Tuesday Blitz January 25 2022"]
[White "Panesar Vedant"]
[Black "Sviridov, Valery"]
[WhiteFideId "35033018"]
[BlackFideId "4120680"]
[WhiteElo "1971"]
[BlackElo "2454"]
[Result "0-1"]
[Round "06"]
[TimeControl "180+1"]
[Date "2022.01.26"]
[WhiteClock "0:00:05"]
[BlackClock "0:00:42"]

1. d4 g6 2. Nf3 Bg7 3. c4 d6 4. Nc3 e5 5. e4 exd4 6. Nxd4 Nc6 7. Be3 Nge7 8. Be2 O-O 9. O-O f5 10. exf5 Bxd4 11. Bxd4 Nxf5 12. Be3 Nxe3 13. fxe3 Rxf1+ 14. Qxf1 Be6 15. Qf4 Qe7 16. Rf1 Ne5 17. Nb5 c6 18. Nd4 Bf7 19. b3 a6 20. Qg3 Kh8 21. Nf3 Nd7 22. Ng5 Bg8 23. Rd1 Ne5 24. Ne4 Rd8 25. Qf4 Kg7 26. Rf1 Be6 27. Ng5 Bf5 28. Qh4 h6 29. Ne6+ Qxe6 30. Qxd8 Nf7 31. Qh4 Qxe3+ 32. Qf2 Qe7 33. Bf3 Ne5 34. Kh1 h5 35. Re1 h4 36. Qd4 Qf6 37. c5 Nf7 38. Qxf6+ Kxf6 39. cxd6 Nxd6 40. Kg1 Nb5 41. Kf2 Nd6 42. Rd1 Ke5 43. Ke3 Be6 44. Kf2 g5 45. Re1+ Kf6 46. Rd1 Ke5 47. Re1+ Kf6 48. Rd1 Nf7 49. Ke3 Ke5 50. Kd3 a5 51. Ke3 Nd6 52. Rd2 a4 53. Rb2 a3 54. Rd2 Nb5 55. Rc2 Kd6 56. Rd2+ Kc5 57. h3 Nc3 58. Rc2 Kb4 59. Bg4 Bxb3 60. axb3 Kxb3 61. Kd3 Nd5 62. Be6 a2 63. Bxd5+ cxd5 64. Rc7 b5 65. Rb7 b4 66. Ra7 Kb2 67. Kd4 a1=Q 68. Rxa1 Kxa1 0-1


[Site "https://www.chess.com"]

[Event "Titled Tuesday Blitz January 25 2022"]
[White "Papp, Levente"]
[Black "Khripachenko, Alexander"]
[WhiteFideId "751243"]
[BlackFideId "54184975"]
[WhiteElo "2308"]
[BlackElo "2177"]
[Result "0-1"]
[Round "06"]
[TimeControl "180+1"]
[Date "2022.01.26"]
[WhiteClock "0:00:16"]
[BlackClock "0:00:39"]

1. c4 Nf6 2. Nc3 e5 3. e3 Bb4 4. Nge2 O-O 5. g3 c6 6. Bg2 d5 7. cxd5 cxd5 8. d4 e4 9. O-O Nc6 10. f3 exf3 11. Bxf3 Bh3 12. Re1 Re8 13. Nf4 Bf5 14. Bd2 Bxc3 15. Bxc3 Be4 16. Be2 Qd6 17. Qb3 Re7 18. Rac1 Rae8 19. Bd2 Qd7 20. Bb5 g5 21. Nd3 Qh3 22. Re2 Ng4 23. Ne1 Re6 24. Bd3 Rf6 25. Nc2 Bf3 26. Bxh7+ Qxh7 27. Rce1 Bxe2 28. Rxe2 Qh3 29. Rg2 Nxh2 30. Qd3 Nf3+ 31. Kf2 Nfe5+ 0-1


[Site "https://www.chess.com"]

[Event "Titled Tuesday Blitz January 25 2022"]
[White "Parkhov, Yair"]
[Black "Ruperez Benito, Antonio"]
[WhiteFideId "2813408"]
[BlackFideId "22245049"]
[WhiteElo "2164"]
[BlackElo "2249"]
[Result "1-0"]
[Round "06"]
[TimeControl "180+1"]
[Date "2022.01.26"]
[WhiteClock "0:00:16"]
[BlackClock "0:00:17"]

1. e4 c5 2. Nf3 Nc6 3. Nc3 e6 4. Bb5 Nd4 5. Bd3 a6 6. O-O b5 7. Nxd4 cxd4 8. Ne2 Bc5 9. c3 dxc3 10. bxc3 Bb7 11. a4 Bc6 12. axb5 axb5 13. Bb2 Nf6 14. e5 Nd5 15. Be4 O-O 16. d4 Be7 17. Ng3 g6 18. Qe2 d6 19. exd6 Bxd6 20. Bxd5 Bxd5 21. Qxb5 Qc7 22. Rxa8 Rxa8 23. Ra1 Rb8 24. Qe2 Bc4 25. Qc2 Bb3 26. Qb1 Bd5 27. Qc2 h5 28. Bc1 h4 29. Nf1 h3 30. gxh3 Qc6 31. Qd3 Be4 32. Qe3 Rb5 33. Ng3 Bf3 34. c4 Rb8 35. c5 Bc7 36. Bd2 Bd5 37. Re1 Bd8 38. Qe5 Qc7 39. Bf4 Qxe5 40. Bxe5 Rb2 41. Ne4 Be7 42. Nf6+ Bxf6 43. Bxf6 Rc2 44. Ra1 Kh7 45. Kf1 g5 46. Bxg5 Kg6 47. Be3 Rc4 48. Rc1 Ra4 49. c6 Ra8 50. c7 Rc8 51. Bf4 Kf5 52. Bg3 Ke4 53. Ke2 Kxd4 54. Kd2 e5 55. Rc3 e4 56. Bf4 Bc4 57. Ra3 Kd5 58. Ra5+ Kc6 59. Rf5 Be6 60. Rf6 Kd5 61. Ke3 Ra8 62. Rh6 Ra3+ 63. Kd2 Bc8 64. Kc2 Kd4 65. Rd6+ Kc5 66. Rd8 Ra8 67. Bd6+ Kc6 68. Bf4 f5 69. Kc3 Kc5 70. Bd6+ Kc6 71. Bg3 Kc5 72. Bf4 Ra3+ 73. Kb2 Ra8 74. Kb3 Kc6 75. Kc4 Be6+ 76. Kd4 Bc8 77. Ke5 Ra5+ 78. Kf6 Kb7 79. Kg5 Ra2 80. h4 Rxf2 81. h5 Rg2+ 82. Kf6 Rg4 83. Ke5 Rh4 84. h6 Kxc7 85. Rg8 e3 86. Rg2 Bb7 87. Re2 Be4 88. Rxe3 Kd7 89. Ra3 Ke8 90. Ra7 Kf8 91. h7 Ke8 92. Ke6 Kf8 93. Bd6+ Ke8 94. Re7+ Kd8 95. Rg7 f4 96. Be7+ Kc7 97. Bxh4+ Kc6 98. Ke5 Bd5 99. Kxf4 Be6 100. Kg5 Bd5 101. Kh6 Be4 102. Bf6 Bxh7 103. h4 Bf5 104. h5 Kd6 105. Kg5 Ke6 106. h6 Be4 107. Re7+ Kd5 108. Re5+ Kd4 109. Rxe4+ Kxe4 110. h7 Kd5 111. h8=Q Ke6 112. Qh4 Kd5 113. Qf4 Kc6 114. Qe5 Kb6 115. Kf5 Kc6 116. Ke6 Kb7 117. Qc3 Kb6 118. Kd5 Kb5 119. Qb3+ Ka6 120. Kc6 Ka7 121. Qb7# 1-0


[Site "https://www.chess.com"]